 Dungeon Crawl Stone Soup version 0.30.0-3-ga4e48a9924 (webtiles) character file.

Game seed: 431220131849611118

175 jtron the Charlatan (level 5, -4/34 (38) HPs)
             Began as a Demonspawn Wanderer on May 7, 2023.
             Slain by Crazy Yiuf
             ... wielding a +3 quarterstaff of chaos
              (12 damage)
             ... on level 2 of the Dungeon.
             The game lasted 00:10:39 (2923 turns).

jtron the Charlatan (Demonspawn Wanderer)           Turns: 2923, Time: 00:10:40

HP:   -4/34 (38)    AC:  6    Str: 12    XL:     5   Next: 29%
MP:   10/10         EV: 11    Int: 18    God:
Gold: 97            SH:  0    Dex: 10    Spells: 8/11 levels left

rFire   . . .        a - +1 spear
rCold   . . .        (no shield)
rNeg    . . .        c - +0 robe
rPois   .            g - +0 helmet
rElec   .            (no cloak)
rCorr   .            (no gloves)
SInv    .            k - +0 pair of boots
Will    .....        (no amulet)
Stlth   +            (no ring)
HPRegen 0.25/turn    (no ring)
MPRegen 0.12/turn

%: no passive effects
@: very slightly contaminated, heavily drained
A: claws 2, molten scales 1
a: no special abilities


You were on level 2 of the Dungeon.
You visited 1 branch of the dungeon, and saw 2 of its levels.

You collected 97 gold pieces.

Inventory:

Hand Weapons
 a - a +1 spear (weapon)
 b - a +0 sling
 f - a +0 club
Missiles
 m - 6 atropa-tipped darts
Armour
 c - a +0 robe (worn)
 g - a +0 helmet (worn)
 k - a +0 pair of boots (worn)
Wands
 d - a wand of flame (5) (quivered)
Potions
 e - 2 potions of attraction
 h - a potion of haste
 j - a potion of mutation


   Skills:
 * Level 1.8 Fighting
 + Level 1.0 Polearms
 + Level 1.5 Dodging
 + Level 3.7 Spellcasting
 * Level 0.4 Hexes
 * Level 1.8 Summonings
 * Level 2.0 Necromancy
 + Level 2.0 Poison Magic
 - Level 4.0 Evocations


You had 8 spell levels left.
You knew the following spells:

 Your Spells              Type           Power      Damage    Failure   Level
a - Necrotise             Necr           40%        1d6       6%          1
b - Cigotuvi's Dreadful   Necr/Pois/Air  16%        N/A       13%         2

Your spell library contained the following spells:

 Spells                   Type           Power      Damage    Failure   Level
 Poisonous Vapours        Pois/Air       12%        N/A       16%         2
 Passwall                 Tmut/Erth      2%         N/A       22%         2
 Summon Guardian Golem    Hex/Summ       7%         N/A       28%         3
 Confusing Touch          Hex            4%         N/A       36%         3


Dungeon Overview and Level Annotations

Branches:
Dungeon (2/15)

Altars:

Annotations:
D:2 Crazy Yiuf


Innate Abilities, Weirdness & Mutations

You have very sharp fingernails.
You are partially covered in molten scales. (AC +2)


Message History

You kill Natasha!
You feel Natasha's spirit has finally been put to rest.
The dead are walking!
Your magical contamination has completely faded away.
You start resting.
You feel yourself speed up.
Natasha crumbles into dust!
Magic restored.
HP restored.
i - a fuming cyan potion You start waiting.
Done waiting.
You see here a +0 club.
There is a shaft here.
There is an open door here.
Crazy Yiuf shouts!
You open the door.
Crazy Yiuf drinks a potion.
Crazy Yiuf seems to speed up.
Okay, then.
Casting: Necrotise (safe; 6% risk of failure)
Confirm with . or Enter, or press ? or * to list all spells.
Aiming: Necrotise (safe; 6% risk of failure)
Press: ? - help, Shift-Dir - straight line, f - Crazy Yiuf
Aim: Crazy Yiuf, wielding a +3 quarterstaff of chaos and wearing a +0 cloak (fast, chance to affect: 71%) Crazy Yiuf writhes in agony.
Casting: Necrotise (safe; 6% risk of failure)
Confirm with . or Enter, or press ? or * to list all spells.
You miscast Cigotuvi's Dreadful Rot.
You are very lightly contaminated with residual magic.
Nothing appears to happen.
Crazy Yiuf barely misses you.
Crazy Yiuf hits you with a +3 quarterstaff of chaos!
You are electrocuted!!
Ouch! That really hurt!
* * * LOW HITPOINT WARNING * * *
You hit Crazy Yiuf.
Crazy Yiuf is lightly wounded.
Crazy Yiuf laughs, "Gnoll!"
Crazy Yiuf barely misses you.
It was a potion of magic.
Magic courses through your body.
Crazy Yiuf hits you with a +3 quarterstaff of chaos!
You die...

.# #......#
##....###..########.
.####.###### #+..'#
#...........
...........# ♣....♣
#........###
########..## ♣♣...♣
#........###
#######'## ♣♣.♣♣
#.......###.
#.....†..# ♣♣.♣
#.......# #.
#........# ♣.♣♣
#.......# #.
#........# ♣♣.♣
#.......# #.
#........# ♣@♣♣
#.......# #.
#........# #g#
#.......# #.
#........# ...
#.......# ##
#........# #...#
#.......# ########.#
#)..# ############ #)#
##### #........... #.#
############
#)###########........#
#................###.#


You could see Crazy Yiuf (fast).

Vanquished Creatures
  Natasha (thrice) (D:2)
  Robin (D:2)
  2 adders (D:2)
  2 worms (D:2)
  A dart slug (D:1)
  8 ball pythons
  3 endoplasms
  7 hobgoblins
  2 kobolds
  2 quokkas
  5 frilled lizards
  18 goblins
  3 rats
57 creatures vanquished.

Vanquished Creatures (collateral kills)
  3 endoplasms
  2 goblins
5 creatures vanquished.

Grand Total: 62 creatures vanquished

Notes
Turn   | Place    | Note
-------+----------+-------------------------------------------
     0 | D:1      | jtron the Demonspawn Wanderer began the quest for the Orb.
     0 | D:1      | jtron set off with the following items: a +0 club, a potion
                  | of attraction, a +0 robe, a wand of flame (6); and the
                  | following spell memorised: Necrotise; and the following
                  | spells available to memorise: Poisonous Vapours, Cigotuvi's
                  | Dreadful Rot, Passwall, Confusing Touch, Summon Guardian
                  | Golem.
     0 | D:1      | Reached XP level 1. HP: 13/13 MP: 4/4
   402 | D:1      | Gained mutation: You have sharp fingernails. [demonic
                  | ancestry]
   402 | D:1      | Reached XP level 2. HP: 20/20 MP: 1/6
   786 | D:1      | Reached skill level 1 in Necromancy
  1039 | D:1      | Reached skill level 1 in Fighting
  1039 | D:1      | Gained mutation: You are partially covered in molten
                  | scales. (AC +2) [demonic ancestry]
  1039 | D:1      | Reached XP level 3. HP: 12/26 MP: 5/7
  1221 | D:2      | Noticed Robin
  1538 | D:2      | Learned a level 2 spell: Cigotuvi's Dreadful Rot
  1594 | D:2      | Found a faded altar of an unknown god.
  1669 | D:2      | Killed Robin
  1670 | D:2      | Reached skill level 1 in Summonings
  1687 | D:2      | Gained mutation: You have very sharp fingernails. [demonic
                  | ancestry]
  1687 | D:2      | Reached XP level 4. HP: 18/32 MP: 0/9
  1860 | D:2      | Reached skill level 1 in Polearms
  2468 | D:2      | Noticed Natasha
  2474 | D:2      | Killed Natasha
  2475 | D:2      | Reached skill level 1 in Dodging
  2522 | D:2      | Noticed Natasha
  2532 | D:2      | Killed Natasha
  2533 | D:2      | Reached XP level 5. HP: 22/31 MP: 2/10
  2590 | D:2      | Found a runed translucent door.
  2591 | D:2      | Noticed Crazy Yiuf
  2685 | D:2      | Noticed Natasha
  2696 | D:2      | Killed Natasha
  2923 | D:2      | Slain by Crazy Yiuf

Illustrated notes

Levels and vault maps discovered:
D:1:      amcnicky_arrival_wind_blow, layout_basic
D:2:      layout_basic, dreamdust_ecumenical_altar_angels_and_demons,
          minivault_26, uniq_natasha, uniq_robin, uniq_crazy_yiuf_cottage

Skill      XL: |  1  2  3  4 |
---------------+-------------+-----
Necromancy     | 1 2 |  2.0
Fighting       | 1 |  1.8
Summonings     | 1 |  1.8
Polearms       | 1 |  1.0
Dodging        | 1 |  1.5
Spellcasting   | |  3.7
Hexes          | |  0.4
Poison Magic   | |  2.0
Evocations     | |  4.0

Action                     |  1- 3 |  4- 6 || total
---------------------------+-------+-------++-------
  Melee: Spear             |    50 |    25 ||    75
         Club              |     3 |       ||     3
         Punch             |     1 |       ||     1
  Throw: Stone             |     3 |       ||     3
         Dart              |       |     1 ||     1
   Cast: Necrotise         |    64 |    46 ||   110
         Cigotuvi's Dreadf |       |     3 ||     3
  Evoke: Wand              |       |     1 ||     1
    Use: Potion            |     3 |     4 ||     7
         Scroll            |     3 |     1 ||     4
   Stab: Distracted        |     1 |     1 ||     2
 Armour: Robe              |    13 |    13 ||    26
  Dodge: Dodged            |    41 |    17 ||    58
